 Dungeon Crawl Stone Soup version 0.20.1-1-g8b1a95d (webtiles) character file.

763 FollowTheCloud the Magician (level 7, -2/36 HPs)
             Began as a Deep Elf Fire Elementalist on Sept 5, 2017.
             Was an Initiate of Vehumet.
             Slain by Edmund
             ... wielding a +2 antimagic flail
              (12 damage)
             ... on level 5 of the Dungeon.
             The game lasted 00:12:02 (3764 turns).

FollowTheCloud the Magician (DEFE)                  Turns: 3764, Time: 00:12:02

Health: -2/36      AC:  2    Str:  5    XL:     7   Next: 51%
Magic:  4/18       EV: 15    Int: 22    God:    Vehumet [......]
Gold:   160        SH:  0    Dex: 15    Spells: 5/18 levels left

rFire    + . .     SeeInvis .   (no weapon)
rCold    . . .     Gourm    .   (no shield)
rNeg     . . .     Faith    .   l - +0 robe {rF+}
rPois    .         Spirit   .   (no helmet)
rElec    .         Reflect  .   (no cloak)
rCorr    .         Harm     .   (no gloves)
MR       .....                  (no boots)
Stlth    ++........             (no amulet)
Regen    0.2/turn               (no ring)
MPRegen  0.2/turn               (no ring)

@: no status effects
A: no striking features
a: Renounce Religion


You were on level 5 of the Dungeon.
You worshipped Vehumet.
Vehumet was noncommittal.
You were near starving.

You visited 2 branches of the dungeon, and saw 6 of its levels.

You collected 160 gold pieces.

Inventory:

Armour
 l - a +0 robe of fire resistance (worn)
Jewellery
 h - an uncursed ring of resist corrosion {unknown}
 n - an uncursed ring of magical power {unknown}
 o - an uncursed ring of poison resistance {unknown}
 p - an uncursed ring of protection from cold {unknown}
 x - an uncursed ring of magical power {unknown}
Wands
 t - a wand of random effects (22/48)
 v - a wand of paralysis (15/24)
 y - a wand of random effects (22/48)
Scrolls
 d - a scroll of blinking {unknown}
 g - a scroll of enchant armour {unknown}
 i - a scroll of noise {unknown}
 j - 3 scrolls of identify {unknown}
 m - a scroll of fear {unknown}
 q - a scroll of teleportation {unknown}
 r - a scroll of recharging {unknown}
Potions
 a - 5 potions of curing {unknown}
 e - a potion of cancellation {unknown}
 f - 2 potions of ambrosia {unknown}
 k - 2 potions of agility {unknown}
 s - a potion of haste {unknown}
 u - 2 potions of degeneration {unknown}
Books
 b - a book of Flames

   Spells                             Type                      Level
   a - Flame Tongue                   Conjuration/Fire             1
   b - Throw Flame                    Conjuration/Fire             2
   c - Conjure Flame                  Conjuration/Fire             3
   d - Inner Flame                    Hexes/Fire                   3
   e - Sticky Flame                   Conjuration/Fire             4
   f - Fireball                       Conjuration/Fire             5
Comestibles
 c - 3 bread rations
 w - a meat ration
 z - 4 fruits
 A - a royal jelly


   Skills:
 + Level 5.7 Dodging
 - Level 2.4 Stealth
 + Level 6.0 Spellcasting
 + Level 4.3 Conjurations
 + Level 5.7 Fire Magic


You had 5 spell levels left.
You knew the following spells:

 Your Spells              Type           Power        Failure   Level  Hunger
a - Flame Tongue          Conj/Fire      ####.        1%          1    None
b - Throw Flame           Conj/Fire      ####..       1%          2    None
c - Conjure Flame         Conj/Fire      ####....     3%          3    #......
d - Sticky Flame          Conj/Fire      ####....     11%         4    ###....
e - Inner Flame           Hex/Fire       ###.....     9%          3    #......


Dungeon Overview and Level Annotations

Branches:
Dungeon (5/15)             Temple (1/1) D:5

Altars:
Cheibriados
Dithmenos
Elyvilon
Fedhas
Gozag
Kikubaaqudgha
Okawaru
Qazlal
Ru
Uskayaw
Vehumet
Xom
Zin
The Shining One

Annotations:
D:3 Purgy
D:5 Edmund


Message History

You hit the orc.
The orc is almost dead.
The orc closely misses you.
Edmund says, "A flail is better than a scythe, any day of the week!"
The orc barely misses you.
You hit the orc.
You kill the orc!
Vehumet accepts your kill. The orc hits you with a club.
* * * LOW HITPOINT WARNING * * *
Unknown command.
Unknown command.
You see here a falchion.
Things that are here:
a club; an orc corpse
Things that are here:
a scythe; a runed robe You see here a leather armour.
Edmund hits you with an antimagic flail!
You die...

.# #.#.....#.############
.# #....................# .
##.#.....#.##########.#
#..#.###...#.....# #.#
+####.........#.##..# #.#
..............#.#.#.####.#
.........................#
.........##...#@###.#######
.........##....o@.........#
.....o#+###...####.######.#
.....o..##.#...........<#
.......##........#.######
≈.............####.######
≈§....##.####...........#
§§....###.#######.#####.#.#
≈≈............#...(..).....
≈.....#####.#.#.#.#.....##


You could see Edmund and an orc.

Vanquished Creatures
  Sigmund (D:5)
  A phantom (D:4)
  An ogre (D:4)
  A centaur (D:5)
  Blork the orc (D:5)
  2 hounds
  Jessica (D:2)
  A worker ant (D:5)
  A hound skeleton (D:4)
  8 adders
  2 worms
  3 dart slugs
  A leopard gecko (D:4)
  7 orcs
  7 giant cockroaches
  9 hobgoblins
  3 jackals (D:4)
  3 quokkas
  2 ball pythons
  7 bats
  5 frilled lizards
  5 goblins
  5 kobolds
  7 rats
84 creatures vanquished.

Notes
Turn   | Place    | Note
-------+----------+-------------------------------------------
     0 | D:1      | FollowTheCloud the Deep Elf Fire Elementalist began the quest for the Orb.
     0 | D:1      | Reached XP level 1. HP: 10/10 MP: 6/6
   270 | D:1      | Reached XP level 2. HP: 15/15 MP: 2/8
   552 | D:1      | Learned a level 2 spell: Throw Flame
   714 | D:2      | Reached XP level 3. HP: 19/19 MP: 6/10
   990 | D:2      | Noticed Jessica
   995 | D:2      | Killed Jessica
   995 | D:2      | Reached skill level 4 in Spellcasting
   995 | D:2      | Reached XP level 4. HP: 24/24 MP: 4/12
  1069 | D:2      | Learned a level 3 spell: Conjure Flame
  1182 | D:2      | Found a snail-covered altar of Cheibriados.
  1842 | D:3      | Reached XP level 5. HP: 25/28 MP: 8/13
  1944 | D:3      | Noticed Purgy
  2039 | D:3      | Learned a level 4 spell: Sticky Flame
  2301 | D:4      | Noticed an ogre
  2319 | D:4      | Killed an ogre
  2429 | D:4      | Found a sacrificial altar of Ru.
  2434 | D:4      | Found a hide-covered altar of Uskayaw.
  2442 | D:4      | Found a stormy altar of Qazlal.
  2486 | D:4      | Noticed a phantom
  2504 | D:4      | Killed a phantom
  2504 | D:4      | Reached skill level 5 in Spellcasting
  2504 | D:4      | Reached skill level 5 in Fire Magic
  2504 | D:4      | Reached XP level 6. HP: 32/32 MP: 6/15
  2697 | D:4      | Found a white marble altar of Elyvilon.
  3097 | D:5      | Entered Level 5 of the Dungeon
  3223 | D:5      | Found a staircase to the Ecumenical Temple.
  3232 | D:5      | Noticed Blork the orc
  3239 | D:5      | Reached skill level 5 in Dodging
  3249 | D:5      | Killed Blork the orc
  3249 | D:5      | Reached XP level 7. HP: 14/36 MP: 9/17
  3263 | Temple   | Entered the Ecumenical Temple
  3393 | Temple   | Became a worshipper of Vehumet
  3550 | D:5      | Noticed Sigmund
  3555 | D:5      | Killed Sigmund
  3555 | D:5      | Reached skill level 6 in Spellcasting
  3605 | D:5      | Noticed Edmund
  3708 | D:5      | Learned a level 3 spell: Inner Flame
  3764 | D:5      | Slain by Edmund

Skill      XL: |  1  2  3  4  5  6  7 |
---------------+----------------------+-----
Fire Magic     | 4 5 |  5.7
Dodging        | 3 4 5 |  5.7
Spellcasting   | 4 5 6 |  6.0
Conjurations   | 2 3 4 |  4.3
Stealth        | |  2.4

Action                   |  1- 3 |  4- 6 |  7- 9 || total
-------------------------+-------+-------+-------++-------
Melee: Unarmed           |     4 |     6 |    11 ||    21
 Cast: Flame Tongue      |    46 |    81 |    13 ||   140
       Throw Flame       |    14 |    20 |     4 ||    38
       Conjure Flame     |       |     2 |     4 ||     6
       Sticky Flame      |       |       |     3 ||     3
  Eat: Chunk             |       |     7 |     1 ||     8
Armor: Robe              |     6 |     5 |     5 ||    16
Dodge: Dodged            |    22 |    24 |    17 ||    63
